 Dungeon Sprint DCSS version 0.30.1-11-g7821555f0a (webtiles) character file.

Game seed: 860467350035507208

480 Groucho the Thaumaturge (level 6, -2/32 HPs)
             Began as a Deep Elf Earth Elementalist on Jan 6, 2024.
             Was a High Priest of Sif Muna.
             Slain by Urug
             ... wielding a +3 halberd of flaming
              (9 damage)
             ... in the Dungeon (Sprint VII: "The Pits").
             The game lasted 00:03:12 (1382 turns).

Groucho the Thaumaturge (DEEE)                      Turns: 1382, Time: 00:03:12

Health: -2/32      AC:  2    Str:  5    XL:     6   Next: 86%
Magic:  16/20      EV: 12    Int: 22    God:    Sif Muna [*****.]
Gold:   0          SH:  0    Dex: 15    Spells: 15/23 levels left

rFire   . . .        h - +2 dagger
rCold   . . .        (no shield)
rNeg    . . .        a - +0 robe
rPois   .            (no helmet)
rElec   .            (no cloak)
rCorr   .            (no gloves)
SInv    .            (no boots)
Will    .....        (no amulet)
Stlth   ++           (no ring)
HPRegen 0.25/turn    (no ring)
MPRegen 0.17/turn

%: no teleportation
@: no status effects
A: no striking features
a: Renounce Religion, Channel Magic, Forget Spell, Divine Exegesis


You were in the Dungeon.
You worshipped Sif Muna.
Sif Muna was extremely pleased with you.
You visited 1 branch

Inventory:

Hand Weapons
 h - a +2 dagger (weapon)
Armour
 a - a +0 robe (worn)
 j - a +3 ring mail
Scrolls
 g - a scroll of blinking
Potions
 b - 5 potions of magic
 c - 6 potions of curing
 d - 6 potions of heal wounds
 e - a potion of haste
 f - 3 potions of berserk rage
 i - 2 potions of invisibility


   Skills:
 - Level 2.4 Dodging
 - Level 2.4 Stealth
 + Level 9.1 Spellcasting
 + Level 7.1 Conjurations
 + Level 5.7 Transmutations
 + Level 9.1 Earth Magic
 + Level 7.0 Invocations


You had 15 spell levels left.
You knew the following spells:

 Your Spells              Type           Power      Damage    Failure   Level
a - Sandblast             Erth           100%       2d20      1%          1
b - Stone Arrow           Conj/Erth      92%        3d12      1%          3
c - Petrify               Tmut/Erth      42%        N/A       3%          4

Your spell library contained the following spells:

 Spells                   Type           Power      Damage    Failure   Level
 Passwall                 Tmut/Erth      35%        N/A       1%          2


Dungeon Overview and Level Annotations

Branches:
Dungeon (1/1)

Altars:
Ashenzari
Cheibriados
Dithmenos
Elyvilon
Fedhas
Gozag
Hepliaklqana
Kikubaaqudgha
Makhleb
Nemelex Xobeh
Okawaru
Qazlal
Ru
Sif Muna
Trog
Uskayaw
Vehumet
Wu Jian
Xom
Yredelemnul
Zin
The Shining One
Jiyva
Lugonu

Annotations:
D Urug


Message History

You start waiting.
You start waiting.
You start waiting.
Done waiting.
You start waiting.
Done waiting.
Items here: ))) [.
Items here: )) [[ รท.
You see here a rat skeleton.
You see here a +0 shortbow.
There is an open door here.
You open the door.
A frilled lizard comes into view.
The frilled lizard hisses angrily.
Casting: Stone Arrow (safe; 1% risk of failure)
Confirm with . or Enter, or press ? or * to list all spells.
Aiming: Sandblast (safe; 1% risk of failure)
Press: ? - help, Shift-Dir - straight line, f - frilled lizard
Aim: a frilled lizard (76% to hit)
The blast of sand hits the frilled lizard!
You kill the frilled lizard!
Sif Muna accepts your kill.
Sif Muna will now gift you books as you gain piety.
Unknown command.
There is an open door here.
You open the door.
Urug the Orcish Ballista comes into view.
She is wielding a +3 halberd of flaming.
Casting: Sandblast (safe; 1% risk of failure)
Confirm with . or Enter, or press ? or * to list all spells.
The spell is quite dangerous to miscast (3% risk of failure)!
Continue anyway?
Aiming: Petrify (quite dangerous; 3% risk of failure)
Press: ? - help, Shift-Dir - straight line, f - Urug
Aim: Urug, wielding a +3 halberd of flaming, wearing a +0 scale mail and quivering javelins (asleep, chance to affect: 50%) Urug shouts!
Urug resists with some effort.
Urug hits you from afar with a +3 halberd of flaming!!
Ouch! That really hurt!
* * * LOW HITPOINT WARNING * * *
Urug burns you!
You die...

#.#.....)..##.......#
#'###########.......#
#.......# #########
#...#...# #...#...#
#.##.##.#+#
#...#...#o+
#...#...#'#
#.......@.#
###########


You could see Urug.

Vanquished Creatures
  A floating eye (D)
  A black bear (D)
  A centaur (D)
  3 wights (D)
  A mummy (D)
  3 gnolls (D)
  An adder zombie (D)
  4 orcs (D)
  A giant cockroach (D)
  A goblin (D)
  A frilled lizard (D)
  3 rats (D)
21 creatures vanquished.

Notes
Turn   | Place    | Note
-------+----------+-------------------------------------------
     0 | D        | Groucho the Deep Elf Earth Elementalist began the quest for
                  | the Orb.
     0 | D        | Reached XP level 1. HP: 10/10 MP: 6/6
    12 | D        | Reached skill level 1 in Conjurations
    33 | D        | Found a glowing golden altar of the Shining One.
    33 | D        | Found a glowing silver altar of Zin.
    33 | D        | Found a basalt altar of Yredelemnul.
    33 | D        | Found a shimmering altar of Xom.
    33 | D        | Found an ornate altar of the Wu Jian Council.
    33 | D        | Found a bloodstained altar of Trog.
    33 | D        | Found a shimmering blue altar of Sif Muna.
    33 | D        | Found a sacrificial altar of Ru.
    33 | D        | Found a stormy altar of Qazlal.
    33 | D        | Found an iron altar of Okawaru.
    33 | D        | Found a sparkling altar of Nemelex Xobeh.
    33 | D        | Found a burning altar of Makhleb.
    33 | D        | Found a viscous altar of Jiyva.
    33 | D        | Found a hazy altar of Hepliaklqana.
    33 | D        | Found an opulent altar of Gozag.
    33 | D        | Found a blossoming altar of Fedhas.
    33 | D        | Found a white marble altar of Elyvilon.
    33 | D        | Found a shadowy altar of Dithmenos.
    33 | D        | Found a snail-covered altar of Cheibriados.
    34 | D        | Found a radiant altar of Vehumet.
    34 | D        | Found a corrupted altar of Lugonu.
    35 | D        | Found an ancient bone altar of Kikubaaqudgha.
    35 | D        | Found a hide-covered altar of Uskayaw.
    35 | D        | Found a broken altar of Ashenzari.
    36 | D        | Became a worshipper of Sif Muna the Loreminder
    43 | D        | Noticed a floating eye
    55 | D        | Paralysed by a floating eye for 3 turns
    58 | D        | Killed a floating eye
    59 | D        | Reached XP level 2. HP: 15/15 MP: 2/11
    59 | D        | Reached XP level 3. HP: 19/19 MP: 2/12
    59 | D        | Reached XP level 4. HP: 24/24 MP: 2/14
    63 | D        | Learned a level 3 spell: Stone Arrow
    68 | D        | Learned a level 4 spell: Petrify
   384 | D        | Reached * piety under Sif Muna
   436 | D        | Reached ** piety under Sif Muna
   673 | D        | Reached XP level 5. HP: 28/28 MP: 12/16
   916 | D        | Noticed a centaur
   921 | D        | Killed a centaur
   922 | D        | Reached skill level 5 in Conjurations
   922 | D        | Reached skill level 5 in Invocations
   922 | D        | Reached *** piety under Sif Muna
   935 | D        | Reached XP level 6. HP: 32/32 MP: 10/19
   936 | D        | Reached **** piety under Sif Muna
   938 | D        | Reached skill level 5 in Transmutations
  1378 | D        | Reached ***** piety under Sif Muna
  1381 | D        | Noticed Urug
  1382 | D        | Slain by Urug

Illustrated notes

Levels and vault maps discovered:
D:        pitsprint [storerooms_1, entrance_room_1, metal_vault_1, armoury_2,
          mini_pit_1, grid_room_1, main_hall_1, silver_pit, the_coven_3,
          the_vestibule_1, steel_vault_4, golden_pit, hallway_of_sentries,
          crystal_vault_2, iron_vault_4, final_vault]

Skill      XL: |  1  2  3  4  5  6 |
---------------+-------------------+-----
Conjurations   | 4 6 7 |  7.1
Earth Magic    | 7 8 9 |  9.1
Spellcasting   | 6 8 9 |  9.1
Invocations    | 4 5 7 |  7.0
Transmutations | 2 4 5 |  5.7
Dodging        | |  2.4
Stealth        | |  2.4

Action                     |  1- 3 |  4- 6 || total
---------------------------+-------+-------++-------
   Cast: Sandblast         |     6 |     1 ||     7
         Stone Arrow       |       |    20 ||    20
         Petrify           |       |     1 ||     1
 Invoke: Channel Magic     |       |     1 ||     1
 Armour: Robe              |     1 |       ||     1
  Dodge: Dodged            |       |     1 ||     1
